 Dungeon Crawl Stone Soup version 0.28-a0-1493-g08698888e4 (webtiles) character file.

Game seed: 17008444084774770188

343 snetch the Chopper (level 6, -2/82 HPs)
             Began as a Minotaur Berserker on Jan 7, 2022.
             Was a Believer of Trog.
             Slain by an acid dragon (15 damage)
             ... on level 4 of the Dungeon on Jan 12, 2022.
             The game lasted 00:06:03 (2166 turns).

snetch the Chopper (Minotaur Berserker)             Turns: 2166, Time: 00:06:03

Health: -2/82      AC:  0    Str: 24    XL:     6   Next: 31%
Magic:  5/5        EV: 11    Int:  4    God:    Trog [**....]
Gold:   57         SH:  0    Dex: 15    Spells: 5/5 levels left

rFire   . . .      SeeInvis .   s - +0 scythe
rCold   . . .      Faith    .   (shield currently unavailable)
rNeg    . . .      Spirit   .   i - +0 scale mail
rPois   .          Reflect  .   (helmet restricted)
rElec   .          Harm     .   (no cloak)
rCorr   .          Rampage  .   q - +0 pair of gloves
Will    +....                   (no boots)
Stlth   ..........              (no amulet)
HPRegen 0.23/turn               n - ring of willpower
MPRegen 0.09/turn               v - +6 ring of dexterity

@: berserking, corroded, very quick
A: horns 2, retaliatory headbutt
a: Renounce Religion, Berserk, Trog's Hand


You were on level 4 of the Dungeon.
You worshipped Trog.
Trog was pleased with you.
You visited 1 branch of the dungeon, and saw 4 of its levels.

You collected 97 gold pieces.
You spent 40 gold pieces at shops.

Inventory:

Hand Weapons
 a - a +0 hand axe
 s - a +0 scythe (weapon)
Missiles
 d - 52 arrows
 h - 63 stones (quivered)
 k - 34 bolts
Armour
 i - a +0 scale mail (worn)
 q - a +0 pair of gloves (worn)
Jewellery
 n - a ring of willpower (left hand)
 v - a +6 ring of dexterity (right hand)
Scrolls
 b - 6 scrolls of teleportation {unknown}
 e - 5 scrolls of identify {unknown}
 f - a scroll of fog {unknown}
 j - a scroll of amnesia {unknown}
 p - a scroll of enchant armour {unknown}
 r - a scroll of blinking {unknown}
Potions
 c - 2 potions of heal wounds {unknown}
 g - 2 potions of might
 l - a potion of magic {unknown}
 m - a potion of curing {unknown}
 o - a potion of cancellation {unknown}
 t - a potion of resistance {unknown}


   Skills:
 + Level 4.9 Fighting
 + Level 6.1(6.2) Axes
 + Level 1.7(4.2) Polearms
 + Level 3.9 Armour
 + Level 3.0 Dodging
 + Level 1.3 Stealth


You had 5 spell levels left.
You didn't know any spells.
Your spell library was empty.

Dungeon Overview and Level Annotations

Branches:
Dungeon (4/15)
 Temple: D:4-7

Altars:

Shops:
D:1 !


Innate Abilities, Weirdness & Mutations

You have a pair of horns on your head.
You reflexively headbutt those who attack you in melee.


Message History

Trog accepts your kill.
You reach to attack!
You slash the iguana!
The iguana is severely wounded.
A goblin comes into view. It is wielding a +0 dagger.
The iguana barely misses you. You furiously retaliate!
You headbutt the iguana.
The goblin shouts!
You hit the iguana but do no damage. You headbutt the iguana.
You kill the iguana!
Trog accepts your kill.
You reach to attack!
You hit the orc.
The orc is almost dead.
The orc hits you but does no damage.
You slash the orc!
You kill the orc!
Trog accepts your kill. The goblin hits you but does no damage.
You slash the goblin!
You kill the goblin!
Trog accepts your kill.
No target in view!
Items here: ) [ ††.
Okay, then.
Found an escape hatch in the ceiling.
Things that are here:
a +0 dagger; a goblin corpse An acid dragon comes into view.
The acid dragon roars!
You hear a shout!
The acid dragon spits acid at you. The splash of acid hits you!
The acid corrodes you!
You hear a shout! x2
The acid dragon spits acid at you. The splash of acid hits you!
* * * LOW HITPOINT WARNING * * *
The acid corrodes you!
A red film seems to cover your vision as you go berserk!
You feel yourself moving faster!
You feel mighty!
You hit the acid dragon.
The acid dragon is lightly wounded.
The acid dragon bites you!
You die...

.....#..........##.
....#............ #
##......)........ #.
.........)....#. #..
..#......#...## #...
##..#.......#
#....###...#..<....#
...................#
...#.D@...#...#...#
#.......#.#######.##
...#...##.# ## ##
##.. ... ...#..##
##.# ### #. ##


You could see an acid dragon.

Vanquished Creatures
  Sigmund (D:2)
  Jessica (D:2)
  An orc wizard (D:3)
  An iguana (D:4)
  5 adders
  2 worms
  A dart slug (D:2)
  4 orcs
  7 ball pythons
  5 bats
  4 endoplasms
  3 giant cockroaches
  2 hobgoblins
  2 quokkas
  A frilled lizard (D:3)
  5 goblins
  9 kobolds
  6 rats
60 creatures vanquished.

Vanquished Creatures (others)
  20 plants (D:1)
20 creatures vanquished.

Grand Total: 80 creatures vanquished

Notes
Turn   | Place    | Note
-------+----------+-------------------------------------------
     0 | D:1      | snetch the Minotaur Berserker began the quest for the Orb.
     0 | D:1      | Reached XP level 1. HP: 19/19 MP: 0/0
   164 | D:1      | Reached skill level 4 in Axes
   164 | D:1      | Reached XP level 2. HP: 27/27 MP: 1/1
   510 | D:2      | Reached XP level 3. HP: 12/33 MP: 2/2
   826 | D:1      | Found a faded altar of an unknown god.
   874 | D:1      | Found Dieshyl's Distillery.
   879 | D:1      | Bought a potion of might for 40 gold pieces
   879 | D:1      | Upgraded the game from 0.28-a0-1415-g7c84da036a to
                  | 0.28-a0-1493-g08698888e4
  1250 | D:2      | Noticed Jessica
  1257 | D:2      | Killed Jessica
  1329 | D:2      | Reached XP level 4. HP: 40/40 MP: 3/3
  1608 | D:2      | Noticed Sigmund
  1613 | D:2      | Killed Sigmund
  1614 | D:2      | Reached skill level 5 in Axes
  1614 | D:2      | Reached skill level 1 in Stealth
  1614 | D:2      | Reached XP level 5. HP: 47/47 MP: 4/4
  1999 | D:3      | Reached ** piety under Trog
  2019 | D:3      | Reached skill level 6 in Axes
  2033 | D:3      | Reached XP level 6. HP: 48/55 MP: 5/5
  2050 | D:3      | Reached skill level 1 in Polearms
  2162 | D:4      | Noticed an acid dragon
  2166 | D:4      | Slain by an acid dragon

Illustrated notes

Levels and vault maps discovered:
D:1:      pf_arrival_petrified_forest, layout_rooms,
          hellmonk_ecumenical_altar_pennies_from_heaven, serial_shops,
          nicolae_shop_hallway_plus, serial_bayou_lagoon_a, minivault_14
D:2:      layout_loops_corners, uniq_sigmund, uniq_jessica
D:3:      layout_rooms, vehumet_statue, minmay_misc_feat_x
D:4:      layout_cave_pools, minmay_temple_entry_proselytizer, minivault_1,
          due_unseen_surprise, uniq_pikel, uniq_duvessa, uniq_edmund

Skill      XL: |  1  2  3  4  5  6 |
---------------+-------------------+-----
Axes           | 4 5 6 |  6.1
Fighting       | 4 |  4.9
Armour         | 3 |  3.9
Stealth        | 1 |  1.3
Dodging        | 3 |  3.0
Polearms       | 1 |  1.7

Action                   |  1- 3 |  4- 6 || total
-------------------------+-------+-------++-------
Melee: Hand axe          |    75 |     8 ||    83
       Headbutt          |     8 |     4 ||    12
       Punch             |     3 |       ||     3
       Scythe            |       |    44 ||    44
Invok: Berserk           |     1 |     3 ||     4
 Stab: Sleeping          |     2 |       ||     2
Armor: Animal skin       |    10 |       ||    10
       Scale mail        |     9 |    32 ||    41
Dodge: Dodged            |    44 |    45 ||    89

Table legend: (Time is in decaauts)
 A = Elapsed time spent in this place.
 B = Non-inter-level travel time spent in this place.
 C = Inter-level travel time spent in this place.
 D = Time resting spent in this place.
 E = Time spent auto-exploring this place.
 F = Levels seen in this place.
 G = Mean time per level.
                   A        B        C        D        E       F      G
               +--------+--------+--------+--------+--------+-----+--------+
         Total |   2257 |   2216 |     41 |     53 |   1544 |   4 |  564.2 |
       Dungeon |   2257 |   2216 |     41 |     53 |   1544 |   4 |  564.2 |
               +--------+--------+--------+--------+--------+-----+--------+

Top non-repeatable levels by time:
     D:1: 1081 daAuts
     D:2: 941 daAuts
     D:3: 210 daAuts
     D:4: 23 daAuts
